 Dungeon Crawl Stone Soup version 0.31-a0-810-ga77100ea1a (webtiles) character file.

Game seed: 8775103451983614578

2247 benadryl the Fighter (level 9, -6/78 HPs)
             Began as a Barachi Hunter on Sept 21, 2023.
             Was a Follower of Uskayaw.
             Mangled by Maurice
             ... wielding a +0 quarterstaff
              (15 damage)
             ... on level 7 of the Dungeon.
             The game lasted 00:14:27 (7342 turns).

benadryl the Fighter (Barachi Hunter)               Turns: 7342, Time: 00:14:27

Health: -6/78      AC: -3    Str: 19    XL:     9   Next: 37%
Magic:  12/12      EV: 10    Int: 10    God:    Uskayaw [*.....]
Gold:   0          SH:  0    Dex: 19    Spells: 8/8 levels left

rFire   . . .        a - +1 shortbow
rCold   . . .        (shield currently unavailable)
rNeg    . . .        n - +2 scale mail {rPois}
rPois   +            (no helmet)
rElec   .            (no cloak)
rCorr   .            u - +0 pair of gloves
SInv    .            (no boots)
Will    +....        i - amulet of the acrobat
Stlth   +            x - +6 ring of strength
HPRegen 0.33/turn    l - ring of willpower
MPRegen 0.13/turn

%: acrobat
@: corroded, slow
A: amphibious, slowness 1, strong legs 1, +LOS
a: Hop, Renounce Religion, Stomp


You were on level 7 of the Dungeon.
You worshipped Uskayaw.
Uskayaw was noncommittal.
You visited 1 branch of the dungeon, and saw 8 of its levels.

Inventory:

Hand Weapons
 a - a +1 shortbow (weapon)
 b - the +3 mace of the Dungeon {freeze, Dex+6}
   (You found it on level 2 of the Dungeon)

   Dex+6:     It affects your dexterity (+6).
 C - a +0 orcbow
Armour
 c - a +0 leather armour
 n - a +2 scale mail of poison resistance (worn)
 u - a +0 pair of gloves (worn)
Jewellery
 i - an amulet of the acrobat (around neck)
 l - a ring of willpower (right hand)
 v - a ring of resist corrosion
 x - a +6 ring of strength (left hand)
Wands
 y - a wand of iceblast (9)
 A - a wand of polymorph (15)
Scrolls
 d - a scroll of fog
 m - 4 scrolls of amnesia
 p - a scroll of butterflies
 r - a scroll of vulnerability {unknown}
 t - a scroll of poison
 w - a scroll of immolation
 z - a scroll of fear
Potions
 e - 2 potions of attraction
 g - 5 potions of degeneration
 h - 3 potions of enlightenment
 j - 2 potions of curing {@q1}
 k - 2 potions of might {unknown}
 o - a potion of brilliance
 q - a potion of invisibility {unknown}
 s - 2 potions of haste {unknown}


   Skills:
 - Level 10.0 Fighting
 * Level 8.2 Ranged Weapons
 - Level 2.1 Dodging
 - Level 0.8 Stealth
 - Level 5.0 Invocations


You had 8 spell levels left.
You didn't know any spells.
Your spell library contained the following spells:

 Spells                   Type           Power      Damage    Failure   Level
 Magic Dart               Conj           0%         1d3       77%         1
 Necrotise                Necr           0%         1d4       77%         1
 Call Imp                 Summ           0%         N/A       88%         2
 Scorch                   Fire           0%         2d5       88%         2
 Mephitic Cloud           Conj/Pois/Air  0%         N/A       98%         3
 Ozocubu's Armour         Ice            0%         N/A       98%         3
 Vampiric Draining        Necr           0%         2d6       98%         3
 Animate Dead             Necr           0%         N/A       100%        4
 Flame Wave               Conj/Fire      0%         2d4       100%        4
 Agony                    Necr           0%         N/A       100%        5
 Metabolic Englaciation   Hex/Ice        0%         N/A       100%        5
 Simulacrum               Ice/Necr       0%         N/A       100%        6
 Summon Cactus Giant      Summ           0%         N/A       100%        6
 Haunt                    Necr/Summ      0%         N/A       100%        7
 Infestation              Necr           0%         N/A       100%        8


Dungeon Overview and Level Annotations

Branches:
Dungeon (8/15)             Temple (0/1) D:7
   Lair: D:8-11

Altars:
Ashenzari
Cheibriados
Dithmenos
Elyvilon
Gozag
Makhleb
Sif Muna
Uskayaw
Wu Jian
Yredelemnul
Zin

Annotations:
D:7 Maurice


Innate Abilities, Weirdness & Mutations

You are amphibious.
You cover ground slowly.
You can hop short distances.
You have an extended range of vision and can be seen from far away.


Message History

You shoot an arrow.
The arrow hits Maurice but does no damage.
Maurice is lightly wounded.
Maurice zaps a wand.
The bolt of acid misses you.
Okay, then.
Fire: a) +1 shortbow
Press: ? - help, Q - select action, (/) - cycle Shift-Dir - straight line, f/p - Maurice
Aim: Maurice, wielding a +0 quarterstaff, wearing a +2 leather armour of willpower, wearing a ring of see invisible and carrying a wand of acid (lightly wounded, 63% to hit)
You shoot an arrow. The arrow hits Maurice!
Maurice is moderately wounded.
Maurice hits you with a +0 quarterstaff!
Maurice steals your +0 long sword of holy wrath!
Fire: a) +1 shortbow
Press: ? - help, Q - select action, (/) - cycle Shift-Dir - straight line, f/p - Maurice
Aim: Maurice, wielding a +0 quarterstaff, wearing a +2 leather armour of willpower, wearing a ring of see invisible and carrying a wand of acid (moderately wounded, 63% to hit)
You shoot an arrow. The arrow barely misses Maurice.
Maurice hits you with a +0 quarterstaff!
* * * LOW HITPOINT WARNING * * *
Maurice steals 149 gold pieces!
You now have 231 gold pieces.
You feel much better.
Maurice hits you with a +0 quarterstaff!
Maurice steals 231 gold pieces!
You now have 0 gold pieces.
Fire: a) +1 shortbow
Press: ? - help, Q - select action, (/) - cycle Shift-Dir - straight line, f/p - Maurice
Aim: Maurice, wielding a +0 quarterstaff, wearing a +2 leather armour of willpower, wearing a ring of see invisible and carrying a wand of acid (moderately wounded, 63% to hit)
You shoot an arrow. The arrow closely misses Maurice.
Maurice barely misses you.
Fire: a) +1 shortbow
Press: ? - help, Q - select action, (/) - cycle Shift-Dir - straight line, f/p - Maurice
Aim: Maurice, wielding a +0 quarterstaff, wearing a +2 leather armour of willpower, wearing a ring of see invisible and carrying a wand of acid (moderately wounded, 63% to hit)
You shoot an arrow. The arrow barely misses Maurice.
Maurice hits you with a +0 quarterstaff!
* * * LOW HITPOINT WARNING * * *
Maurice groans, "What are you, a monk?"
Maurice hits you with a +0 quarterstaff!
* * * LOW HITPOINT WARNING * * *
Maurice groans, "What are you, a monk?"
You feel better.
Maurice hits you with a +0 quarterstaff!
You die...

#.......# #.##### #.......#
#.....#
##(......###########.....#
##........#...............#
#.........#.......######### #
#.#.8.#...#.(.....# ######
#.................# ####.....
##8.>.8....###.######....####
#.....#.#..@@.###....####
##.8.##.####.[##..####
###....# #.>[[.## ######
#######


You could see Maurice.

Vanquished Creatures
  Joseph (D:8)
  Menkaure (D:7)
  A water moccasin (D:6)
  Duvessa (D:4)
  A black bear (D:7)
  An ice beast (D:7)
  A sky beast (D:6)
  3 ogres
  A centaur (D:7)
  2 phantoms (D:6)
  A bullfrog (D:6)
  A scorpion (D:6)
  Dowan (D:4)
  A howler monkey (D:8)
  4 hounds
  2 jellies
  2 orc priests (D:7)
  3 iguanas
  6 orc wizards
  A sleepcap (D:7)
  7 adders
  A shadow imp (D:6)
  A worm (D:3)
  A dart slug (D:5)
  21 orcs
  10 endoplasms
  5 giant cockroaches
  7 goblins
  3 hobgoblins
  6 jackals
  4 kobolds
  7 quokkas
  6 ball pythons
  3 bats
  A frilled lizard (D:1)
  3 rats
121 creatures vanquished.

Notes
Turn   | Place    | Note
-------+----------+-------------------------------------------
     0 | D:1      | benadryl the Barachi Hunter began the quest for the Orb.
     0 | D:1      | Reached XP level 1. HP: 17/17 MP: 1/1
   195 | D:1      | Reached XP level 2. HP: 21/23 MP: 2/2
   529 | D:1      | Reached XP level 3. HP: 28/28 MP: 3/3
   721 | D:1      | Reached skill level 5 in Ranged Weapons
   955 | D:2      | Identified the +3 mace of the Dungeon {freeze, Dex+6}
  1834 | D:3      | Reached XP level 4. HP: 34/34 MP: 4/4
  2163 | D:3      | Reached XP level 5. HP: 39/39 MP: 5/5
  2300 | D:3      | Found a shadowy altar of Dithmenos.
  2379 | D:3      | Found an opulent altar of Gozag.
  2492 | D:3      | Found a hide-covered altar of Uskayaw.
  2585 | D:3      | Found an ornate altar of the Wu Jian Council.
  2608 | D:3      | Became a worshipper of Uskayaw the Reveller
  2686 | D:4      | Noticed Dowan
  2695 | D:4      | Reached * piety under Uskayaw
  2698 | D:4      | Reached ** piety under Uskayaw
  2704 | D:4      | Killed Dowan
  2706 | D:4      | Noticed Duvessa
  2887 | D:4      | Reached XP level 6. HP: 46/46 MP: 6/6
  2894 | D:4      | Reached skill level 1 in Invocations
  2896 | D:4      | Reached *** piety under Uskayaw
  3050 | D:4      | Killed Duvessa
  3051 | D:4      | Reached XP level 7. HP: 31/51 MP: 7/9
  3161 | D:4      | Found a broken altar of Ashenzari.
  3407 | D:4      | You fall into a shaft and drop 3 floors!
  3515 | D:6      | Reached skill level 5 in Invocations
  3677 | D:6      | Reached skill level 3 in Fighting
  3741 | D:6      | Reached skill level 4 in Fighting
  3745 | D:5      | Entered Level 5 of the Dungeon
  3877 | D:5      | Found a burning altar of Makhleb.
  3909 | D:5      | Reached XP level 8. HP: 61/61 MP: 11/11
  4072 | D:5      | Found a basalt altar of Yredelemnul.
  4324 | D:5      | Reached skill level 5 in Fighting
  4375 | D:5      | Found a glowing silver altar of Zin.
  4476 | D:5      | Found a white marble altar of Elyvilon.
  4629 | D:5      | Noticed a balrug
  4633 | D:5      | Noticed a smoke demon
  4633 | D:5      | Noticed a hellwing
  4835 | D:6      | Reached skill level 6 in Fighting
  4837 | D:6      | Reached **** piety under Uskayaw
  4960 | D:6      | Reached skill level 7 in Fighting
  5526 | D:7      | Noticed Menkaure
  5533 | D:7      | Killed Menkaure
  5534 | D:7      | Reached skill level 8 in Fighting
  5744 | D:7      | Found a staircase to the Ecumenical Temple.
  5819 | D:7      | Reached skill level 9 in Fighting
  5974 | D:7      | Reached XP level 9. HP: 76/77 MP: 12/12
  6033 | D:7      | Found a shimmering blue altar of Sif Muna.
  6033 | D:7      | Found a snail-covered altar of Cheibriados.
  6276 | D:8      | Noticed Joseph
  6280 | D:8      | Noticed Maurice
  6626 | D:8      | Reached skill level 10 in Fighting
  6644 | D:8      | Killed Joseph
  7062 | D:8      | Identified the +0 leather armour of the Five of Swords
                  | {+Inv rPois rN+ Int-4}
  7320 | D:8      | Maurice stole a ring of see invisible
  7336 | D:7      | Maurice stole a +0 long sword of holy wrath
  7337 | D:7      | Maurice stole 149 gold
  7338 | D:7      | Maurice stole 231 gold
  7341 | D:7      | HP: 3/78 [Maurice/+0 quarterstaff (11)]
  7342 | D:7      | Mangled by Maurice

Illustrated notes

Levels and vault maps discovered:
D:1:      evilmike_arrival_crescent, layout_loops_corners
D:2:      layout_basic, serial_curves, eino_curves_01, eino_curves_01
D:3:      layout_rooms, grunt_gozag_statues, eat_drink_and_be_merry_uskayaw,
          marbit_many_paths, nicolae_dithmenos_the_darkroom
D:4:      layout_rooms, lemuel_coloured_pillars_altar, grunt_decor_one_mirror,
          kennysheep_generic_room_15, uniq_duvessa, uniq_grinder
D:5:      layout_loops_ring, kennysheep_ying_yang, general_overflow_altar,
          makhleb_altar_promises_db
D:6:      layout_basic
D:7:      layout_basic, gammafunk_temple_overflow_wave,
          minmay_temple_entry_statues_pillars, uniq_menkaure
D:8:      layout_rooms, uniq_joseph, uniq_maurice, uniq_maggie

Skill      XL: |  1  2  3  4  5  6  7  8  9 |
---------------+----------------------------+-----
Ranged Weapons | 5 6 7 8 |  8.2
Invocations    | 3 5 |  5.0
Fighting       | 4 9 10 | 10.0
Dodging        | |  2.1
Stealth        | |  0.8

Action                     |  1- 3 |  4- 6 |  7- 9 || total
---------------------------+-------+-------+-------++-------
  Melee: Mace              |       |     3 |    34 ||    37
   Fire: Shortbow          |   117 |   150 |   213 ||   480
         Orcbow            |       |       |    58 ||    58
Ability: Hop               |       |     3 |     1 ||     4
  Evoke: Wand              |       |       |     2 ||     2
    Use: Scroll            |     6 |     3 |     5 ||    14
         Potion            |       |     1 |     4 ||     5
   Stab: Paralysed         |       |       |     2 ||     2
 Armour: Leather armour    |    26 |    38 |       ||    64
         Scale mail        |       |       |   188 ||   188
  Dodge: Dodged            |    38 |    50 |   116 ||   204

Table legend: (Time is in decaauts)
 A = Elapsed time spent in this place.
 B = Non-inter-level travel time spent in this place.
 C = Inter-level travel time spent in this place.
 D = Time resting spent in this place.
 E = Time spent auto-exploring this place.
 F = Levels seen in this place.
 G = Mean time per level.
                   A        B        C        D        E       F      G
               +--------+--------+--------+--------+--------+-----+--------+
         Total |   8317 |   7826 |    491 |   1682 |   4856 |   8 | 1039.6 |
       Dungeon |   8317 |   7826 |    491 |   1682 |   4856 |   8 | 1039.6 |
               +--------+--------+--------+--------+--------+-----+--------+

Top non-repeatable levels by time:
     D:7: 1925 daAuts
     D:6: 1312 daAuts
     D:2: 1222 daAuts
     D:5: 1085 daAuts
     D:1: 1074 daAuts
     D:3: 970 daAuts
     D:4: 641 daAuts
     D:8: 84 daAuts
